 Dungeon Crawl Stone Soup version 0.26.0-16-gc1dbca0489 (webtiles) character file.

Game seed: 10426123256700733201

13839 DearestLeader the Earth Mage (level 12, -2/68 HPs)
             Began as a Gargoyle Earth Elementalist on Jan 17, 2021.
             Was an Elder of Vehumet.
             Slain by a bog body (11 damage)
             ... on level 2 of the Lair of Beasts on Jan 18, 2021.
             The game lasted 00:36:51 (16678 turns).

DearestLeader the Earth Mage (GrEE)                Turns: 16678, Time: 00:36:52

Health: -2/68      AC: 11    Str: 13    XL:     12   Next: 10%
Magic:  20/25      EV: 12    Int: 26    God:    Vehumet [****..]
Gold:   751        SH:  4    Dex: 10    Spells: 14/29 levels left

rFire    . . .     SeeInvis .   H - +1 whip (elec)
rCold    . . .     Faith    .   q - +0 buckler
rNeg     + . .     Spirit   .   c - +0 robe
rPois    ∞         Reflect  .   (no helmet)
rElec    +         Harm     .   (no cloak)
rCorr    .         Rampage  .   e - +0 pair of gloves
Will     .....                  (no boots)
Stlth    +.........             I - amulet of magic regeneration
HPRegen  0.21/turn              F - +4 ring of slaying
MPRegen  0.44/turn              L - +6 ring of intelligence

@: about to teleport, marked, slowed, very slow
A: negative energy resistance 1, electricity resistance, unbreathing,
petrification resistance, miasma immunity, AC +8
a: Renounce Religion


You were on level 2 of the Lair of Beasts.
You worshipped Vehumet.
Vehumet was greatly pleased with you.
You visited 2 branches of the dungeon, and saw 12 of its levels.
You also visited: Sewer.

You collected 751 gold pieces.

Inventory:

Hand Weapons
 h - a +1 dagger of venom
 A - a +3 mace of protection
 H - a +1 whip of electrocution (weapon)
Missiles
 b - 231 stones
Armour
 c - a +0 robe (worn)
 e - a +0 pair of gloves (worn)
 q - a +0 buckler (worn)
Magical Staves
 K - an uncursed staff of fire
Jewellery
 a - an uncursed ring of ice
 F - a +4 ring of slaying (left hand)
 I - an amulet of magic regeneration (around neck)
 L - a +6 ring of intelligence (right hand)
Wands
 k - a wand of polymorph (10)
 o - a wand of acid (15)
 y - a wand of random effects (11)
Scrolls
 d - 4 scrolls of fog
 f - a scroll of vulnerability {unknown}
 g - 4 scrolls of teleportation
 p - 5 scrolls of enchant weapon
 v - 3 scrolls of remove curse
 w - a scroll of torment {unknown}
 B - a scroll of fear {unknown}
 C - 2 scrolls of immolation
 D - 2 scrolls of amnesia {unknown}
 J - a scroll of blinking {unknown}
 N - a scroll of identify
Potions
 i - 5 potions of curing
 j - a potion of cancellation
 l - 3 potions of magic
 m - 2 potions of brilliance
 n - 3 potions of heal wounds
 r - 5 potions of might
 s - 3 potions of attraction {unknown}
 t - 2 potions of haste {unknown}
 u - a potion of mutation {unknown}
 x - 2 potions of invisibility {unknown}
 z - 2 potions of resistance {unknown}
 E - 3 potions of lignification
 G - 3 potions of ambrosia {unknown}
 M - a potion of flight {unknown}


   Skills:
 - Level 5.2 Fighting
 - Level 1.5 Dodging
 - Level 2.1 Stealth
 - Level 4.0 Shields
 + Level 9.2 Spellcasting
 + Level 5.6 Conjurations
 - Level 0.7 Transmutations
 * Level 16.4 Earth Magic


You had 14 spell levels left.
You knew the following spells:

 Your Spells              Type           Power        Failure   Level
a - Sandblast             Erth           100%         0%          1
b - Passwall              Tmut/Erth      45%          1%          2
c - Stone Arrow           Conj/Erth      100%         1%          3
d - Lee's Rapid Deconstr  Erth           39%          1%          5
e - Petrify               Tmut/Erth      54%          1%          4

Your spell library contained the following spells:

 Spells                   Type           Power        Failure   Level
 Iskenderun's Mystic Bla  Conj/Tloc      26%          4%          4
 Leda's Liquefaction      Hex/Erth       26%          1%          4
 Animate Skeleton         Necr           22%          4%          1
 Corona                   Hex            12%          4%          1
 Pain                     Necr           44%          4%          1
 Inner Flame              Hex/Fire       11%          4%          3
 Slow                     Hex            11%          8%          2
 Portal Projectile        Hex/Tloc       22%          16%         3
 Vampiric Draining        Necr           5%           16%         3
 Animate Dead             Necr           5%           45%         4
 Cause Fear               Hex            5%           45%         4
 Agony                    Necr           11%          80%         5


Dungeon Overview and Level Annotations

Branches:
Dungeon (10/15)            Temple (0/1) D:7            Lair (2/6) D:8
  Snake (0/4) Lair:2          Orc (0/2) D:9           Sewer (visited)
  Swamp: Lair:2-4    Shoals: Lair:2-4

Altars:
Cheibriados
Dithmenos
Elyvilon
Gozag
Kikubaaqudgha
Makhleb
Okawaru
Qazlal
Ru
Sif Muna
Trog
Vehumet
Xom
The Shining One

Shops:
D:9 =!   D:10 (

Annotations:
D:10 1 runed translucent door, Eitelfritz's ghost, journeyman HOFi


Innate Abilities, Weirdness & Mutations

You are resistant to torment.
Your stone body is resilient. (AC +8)
You are immune to poison.
You resist negative energy. (rN+)
You are resistant to electric shocks. (rElec)
You can survive without breathing.
You are immune to petrification.
You are immune to miasma.


Message History

The swamp worm fires a harpoon shot at you.
The harpoon shot hits you!
You are yanked forward by the harpoon shot.
Splash!
You fall into the shallow water.
Moving in this stuff is going to be slow.
The bog body touches you! The bog body freezes you!!
* * * LOW HITPOINT WARNING * * *
The swamp worm closely misses you.
The bog body points at you and mumbles some strange words.
You resist with significant effort.
As you read the scroll of teleportation, it crumbles to dust.
You feel strangely unstable. You block the swamp worm's attack.
The bog body gestures at you while chanting.
You resist with significant effort.
The cane toad stings you but does no damage.
The swamp worm bites you.
* * * LOW HITPOINT WARNING * * *
The bog body touches you!
You die...

### ## #######.##$ ..........#
.⌠)..........P....###
.⌠.........w.≈≈.....#
♣♣........P≈≈≈≈≈≈.#..#
..P...PP≈≈≈≈≈≈wn.P..#
#.....≈≈≈≈≈≈≈≈@....##
#....≈≈≈≈≈≈≈.Fn...P# ###
####....P≈≈≈≈≈PP....)#####.####
..........≈≈≈≈P...............#
..........≈≈..................#
.###........≈........###.######
#.............P...# ###
####........######...#
.P.#........## #P..#


You could see 2 bog bodies, a cane toad and 2 swamp worms.

Vanquished Creatures
  3 hydras
  A two-headed ogre (D:8)
  An elephant (D:8)
  3 cane toads
  Psyche (D:10)
  A komodo dragon (Lair:2)
  5 blink frogs (Lair:1)
  Sigmund (D:6)
  A shadow (D:9)
  A basilisk (D:8)
  2 wyverns
  14 yaks (Lair:2)
  3 nagas (Lair:2)
  Edmund (D:5)
  A water moccasin (Lair:1)
  Duvessa (D:4)
  A black bear (D:8)
  8 orc warriors
  An ice beast (D:10)
  2 necrophages
  A sky beast (D:10)
  3 ogres
  3 phantoms
  5 centaurs
  9 bullfrogs
  Dowan (D:4)
  A water moccasin skeleton (D:9)
  5 scorpions
  6 killer bees (D:8)
  3 wights (D:8)
  A howler monkey (D:5)
  An electric eel (Lair:2)
  10 orc priests
  A bullfrog zombie (D:8)
  6 hounds
  A jelly (D:6)
  14 orc wizards
  3 bullfrog skeletons
  A centaur skeleton (D:6)
  4 iguanas
  Jessica (D:7)
  Natasha (thrice) (D:4)
  4 worker ants
  A hound skeleton (D:9)
  2 worker ant zombies (D:5)
  3 gnolls (D:7)
  9 adders
  A river rat (D:5)
  A shadow imp (D:8)
  5 white imps
  An ufetubus (D:8)
  2 adder zombies
  An ooze (D:2)
  3 adder skeletons
  4 worms (D:2)
  2 dart slugs (D:2)
  A leopard gecko (D:2)
  42 orcs
  7 ball pythons
  4 bats
  4 giant cockroaches
  5 hobgoblins
  19 jackals
  6 quokkas
  12 frilled lizards
  15 goblins
  8 kobolds
  3 rats
300 creatures vanquished.

Vanquished Creatures (others)
  5 fungi (Lair:2)
  16 plants
21 creatures vanquished.

Grand Total: 321 creatures vanquished

Notes
Turn   | Place    | Note
-------+----------+-------------------------------------------
     0 | D:1      | DearestLeader the Gargoyle Earth Elementalist began the
                  | quest for the Orb.
     0 | D:1      | Reached XP level 1. HP: 10/10 MP: 3/3
   368 | D:1      | Reached skill level 4 in Earth Magic
   671 | D:1      | Reached XP level 2. HP: 12/15 MP: 5/5
  1586 | D:2      | Reached XP level 3. HP: 17/19 MP: 2/6
  1589 | D:2      | Learned a level 2 spell: Passwall
  1593 | D:2      | Learned a level 3 spell: Stone Arrow
  1656 | D:2      | Reached skill level 5 in Earth Magic
  1879 | D:2      | Found an ancient bone altar of Kikubaaqudgha.
  1912 | D:2      | Reached XP level 4. HP: 10/24 MP: 2/7
  2502 | D:2      | Reached skill level 6 in Earth Magic
  3683 | D:3      | Reached XP level 5. HP: 17/28 MP: 2/8
  3837 | D:3      | Found a shadowy altar of Dithmenos.
  3883 | D:3      | Found a burning altar of Makhleb.
  3883 | D:3      | Found a sacrificial altar of Ru.
  4269 | D:4      | Reached skill level 7 in Earth Magic
  4382 | D:4      | Found a burning altar of Makhleb.
  4590 | D:4      | Reached XP level 6. HP: 32/32 MP: 5/9
  4885 | D:4      | Reached skill level 8 in Earth Magic
  4891 | D:4      | Learned a level 5 spell: Lee's Rapid Deconstruction
  5164 | D:4      | Reached XP level 7. HP: 16/36 MP: 8/11
  5404 | D:4      | Found a white marble altar of Elyvilon.
  5439 | D:4      | Noticed Natasha
  5446 | D:4      | Killed Natasha
  5531 | D:4      | Noticed Duvessa
  5533 | D:4      | Noticed Dowan
  5545 | D:4      | Killed Duvessa
  5546 | D:4      | Reached skill level 9 in Earth Magic
  5554 | D:4      | Killed Dowan
  5957 | D:4      | Noticed Natasha
  5962 | D:4      | Killed Natasha
  6083 | D:4      | Noticed Natasha
  6087 | D:4      | Killed Natasha
  6230 | D:5      | Entered Level 5 of the Dungeon
  6374 | D:5      | Reached XP level 8. HP: 32/41 MP: 6/14
  6376 | D:5      | Found a glowing drain.
  6388 | Sewer    | Entered a sewer
  6649 | Sewer    | Learned a level 4 spell: Petrify
  7584 | D:5      | Found a radiant altar of Vehumet.
  7594 | D:5      | Became a worshipper of Vehumet
  7597 | D:5      | Reached skill level 10 in Earth Magic
  8002 | D:5      | Noticed Edmund
  8042 | D:5      | Killed Edmund
  8043 | D:5      | Reached skill level 5 in Spellcasting
  8622 | D:6      | Noticed Sigmund
  8626 | D:6      | Killed Sigmund
  8627 | D:6      | Reached skill level 1 in Shields
  8627 | D:6      | Reached skill level 1 in Conjurations
  8627 | D:6      | Reached skill level 11 in Earth Magic
  8902 | D:6      | Reached * piety under Vehumet
  8902 | D:6      | Offered knowledge of Magic Dart by Vehumet.
  9079 | D:6      | Found a snail-covered altar of Cheibriados.
  9089 | D:6      | Reached XP level 9. HP: 45/45 MP: 9/16
 10508 | D:7      | Noticed Jessica
 10513 | D:7      | Killed Jessica
 10555 | D:7      | Found a shimmering blue altar of Sif Muna.
 10629 | D:7      | Found a staircase to the Ecumenical Temple.
 11238 | D:8      | Reached skill level 12 in Earth Magic
 11661 | D:8      | Found an iron altar of Okawaru.
 11746 | D:8      | Noticed an elephant
 11747 | D:8      | Found a staircase to the Lair.
 11773 | D:8      | Killed an elephant
 11784 | D:8      | Reached XP level 10. HP: 22/50 MP: 3/19
 11997 | D:8      | Noticed a two-headed ogre
 12003 | D:8      | Killed a two-headed ogre
 12004 | D:8      | Reached skill level 5 in Conjurations
 12004 | D:8      | Reached skill level 13 in Earth Magic
 12522 | D:9      | Found a glowing golden altar of the Shining One.
 12597 | D:9      | Found Oquel's Jewellery Boutique.
 12691 | D:9      | Reached skill level 1 in Fighting
 12733 | D:9      | Reached ** piety under Vehumet
 12733 | D:9      | Offered knowledge of Freeze by Vehumet.
 13024 | D:9      | Found a staircase to the Orcish Mines.
 13158 | D:9      | Found Deceaf's Distillery.
 13217 | D:9      | Found a stormy altar of Qazlal.
 13217 | D:9      | Found a bloodstained altar of Trog.
 13219 | D:9      | Found an opulent altar of Gozag.
 13221 | D:9      | Found a snail-covered altar of Cheibriados.
 13222 | D:9      | Found a shimmering altar of Xom.
 13970 | D:10     | Entered Level 10 of the Dungeon
 13976 | D:10     | Offered knowledge of Inner Flame by Vehumet.
 14076 | D:10     | Reached skill level 14 in Earth Magic
 14152 | D:10     | Noticed Psyche
 14159 | D:10     | Killed Psyche
 14296 | D:10     | Found a runed translucent door.
 14296 | D:10     | Noticed an ettin
 14296 | D:10     | Noticed Eitelfritz's ghost (journeyman HOFi)
 14413 | D:10     | Reached XP level 11. HP: 60/60 MP: 2/22
 14452 | D:10     | Reached *** piety under Vehumet
 14600 | D:10     | Found Fomexoev's Weapon Emporium.
 15040 | Lair:1   | Entered Level 1 of the Lair of Beasts
 15179 | Lair:1   | Noticed a seven-headed hydra
 15180 | Lair:1   | Noticed a six-headed hydra
 15193 | Lair:1   | Killed a seven-headed hydra
 15322 | Lair:1   | Offered knowledge of Hailstorm by Vehumet.
 15343 | Lair:1   | Killed a six-headed hydra
 15344 | Lair:1   | Reached skill level 5 in Fighting
 15344 | Lair:1   | Reached skill level 15 in Earth Magic
 16165 | Lair:2   | Found a staircase to the Snake Pit.
 16206 | Lair:2   | Noticed a five-headed hydra
 16217 | Lair:2   | Killed a five-headed hydra
 16297 | Lair:2   | Reached skill level 16 in Earth Magic
 16395 | Lair:2   | Reached **** piety under Vehumet
 16418 | Lair:2   | Reached XP level 12. HP: 57/68 MP: 23/25
 16632 | Lair:2   | Offered knowledge of Iskenderun's Mystic Blast by Vehumet.
 16678 | Lair:2   | Slain by a bog body

Illustrated notes

Levels and vault maps discovered:
D:1:      dpeg_arrival_leaves_temple_mockup, layout_loops_ring,
          kennysheep_another_room
D:2:      layout_basic, old_standard_altar
D:3:      lemuel_upstairs_altar, layout_loops_ring,
          nicolae_dithmenos_through_a_glass_darkly,
          gammafunk_temple_overflow_elements
D:4:      layout_loops_corners, elyvilon_altar_3, makhleb_blood_cavern_becter,
          uniq_duvessa, uniq_natasha
D:5:      layout_loops_ring, old_standard_altar, gup_sewer_entry_bubbles,
          hangedman_decor_slide_cut, uniq_edmund
D:6:      layout_cave_pools, basic_altar, uniq_sigmund
D:7:      layout_basic, tgw_sif, minmay_temple_entry_wispy
D:8:      layout_loops_cross, david_lair_generic, kennysheep_okawaru_gauntlet
D:9:      layout_irregular_city, tso_altar, grunt_temple_overflow_open,
          erik_orc_3, serial_shops, nicolae_shop_waterfront, nicolae_shop_trees,
          minmay_misc_feat_four_crosses, minmay_orc_keep
D:10:     layout_basic, ebering_ghost_inner_flame, serial_shops,
          kennysheep_little_box, interstate_on_off, uniq_psyche
Lair:1:   layout_long_grid, grunt_megastairs_5
Lair:2:   layout_small_grid, nicolae_swamp_entry_splash_gauntlet,
          minmay_snake_entry_guardpost_small, fungi_pond_lemuel

Skill      XL: |  1  2  3  4  5  6  7  8  9 10 11 |
---------------+----------------------------------+-----
Earth Magic    | 4 5 6 7 8 9 11 12 14 16 | 16.4
Spellcasting   | 3 4 5 6 7 9 |  9.2
Shields        | 2 4 |  4.0
Conjurations   | 1 4 5 |  5.6
Fighting       | 3 5 |  5.2
Dodging        | |  1.5
Stealth        | |  2.1
Transmutations | |  0.7

Action                   |  1- 3 |  4- 6 |  7- 9 | 10-12 || total
-------------------------+-------+-------+-------+-------++-------
Melee: Short sword       |    55 |       |       |       ||    55
       Dagger            |    52 |   216 |   118 |       ||   386
       Mace              |       |       |   101 |    13 ||   114
       Whip              |       |       |       |   156 ||   156
 Cast: Sandblast         |    19 |    33 |    63 |    20 ||   135
       Stone Arrow       |       |       |    94 |    94 ||   188
       Lee's Rapid Decon |       |       |     6 |    28 ||    34
  Use: Scroll            |     3 |     5 |     4 |     5 ||    17
 Stab: Sleeping          |     2 |     5 |     1 |     1 ||     9
Armor: Robe              |    42 |    88 |   113 |   107 ||   350
Dodge: Dodged            |    79 |   169 |   191 |   112 ||   551
Block: Buckler           |       |       |    19 |    36 ||    55
